 Dungeon Crawl Stone Soup version 0.21-a0-401-g0b6bec4 (webtiles) character file.

269 tilp the Chopper (level 6, 0/57 HPs)
             Began as a Hill Orc Fighter on Oct 23, 2017.
             Slain by a killer bee (6 damage)
             ... on level 4 of the Dungeon.
             The game lasted 00:07:38 (3111 turns).

tilp the Chopper (Hill Orc Fighter)                 Turns: 3111, Time: 00:07:39

Health: 0/57       AC:  6    Str: 21    XL:     6   Next: 22%
Magic:  6/6        EV:  7    Int: 12    God:
Gold:   65         SH:  9    Dex: 10    Spells: 5/5 levels left

rFire    . . .     SeeInvis .   x - +11 flail of the Postmodern Queens {vamp, Int+4}
rCold    . . .     Gourm    .   c - +0 shield
rNeg     . . .     Faith    .   b - +0 scale mail
rPois    .         Spirit   .   (no helmet)
rElec    .         Reflect  .   (no cloak)
rCorr    .         Harm     .   (no gloves)
MR       .....                  (no boots)
Stlth    ..........             (no amulet)
HPRegen  0.19/turn              (no ring)
MPRegen  0.10/turn              (no ring)

@: lethally poisoned (0 -> -13), invisible
A: no striking features
a: no special abilities


You were on level 4 of the Dungeon.
You were not hungry.

You visited 1 branch of the dungeon, and saw 4 of its levels.

You collected 65 gold pieces.

Inventory:

Hand Weapons
 a - a +0 war axe
 h - a +2 hand axe of chopping
 x - the +11 flail of the Postmodern Queens (weapon) {vamp, Int+4}
   (You found it on level 4 of the Dungeon)

   It inflicts no extra harm, but heals its wielder when it wounds a living foe.
   It affects your intelligence (+4).
Missiles
 g - 53 stones (quivered)
Armour
 b - a +0 scale mail (worn)
 c - a +0 shield (worn)
 y - a +0 cloak
 B - a +0 plate armour
Jewellery
 q - a +6 ring of strength {unknown}
 u - an uncursed amulet of magic regeneration {unknown}
 w - an uncursed ring of ice {unknown}
Scrolls
 i - a scroll of amnesia {unknown}
 l - a scroll of immolation {unknown}
 n - 3 scrolls of remove curse {unknown}
 o - a scroll of enchant weapon {unknown}
 r - 3 scrolls of magic mapping {unknown}
 t - a scroll of enchant armour {unknown}
Potions
 d - a potion of might
 e - a potion of invisibility
 k - a potion of curing {unknown}
 p - a potion of resistance {unknown}
 s - a potion of flight {unknown}
 v - a potion of haste {unknown}
 z - 3 potions of degeneration {unknown}
 A - a potion of heal wounds {unknown}
Comestibles
 f - 2 bread rations
 j - 2 chunks of flesh
 m - 2 meat rations


   Skills:
 + Level 5.9 Fighting
 * Level 6.6 Axes
 - Level 3.2 Armour
 - Level 3.2 Shields


You had 5 spell levels left.
You didn't know any spells.

Dungeon Overview and Level Annotations

Branches:
Dungeon (4/15)
 Temple: D:4-7

Altars:
Vehumet
The Shining One

Annotations:
D:2 Sigmund


Message History

You feel sick. The killer bee stings you.
* * * LOW HITPOINT WARNING * * *
You are lethally poisoned!
The killer bee poisons you! You block the killer bee's attack.
The killer bee stings you but does no damage.
You block the killer bee's attack. The killer bee stings you.
* * * LOW HITPOINT WARNING * * *
* * * LOW HITPOINT WARNING * * *
You feel sick.
You sock the killer bee!
You feel better.
You kill the killer bee!
* * * LOW HITPOINT WARNING * * *
You feel sick. The killer bee barely misses you.
You block the killer bee's attack. The killer bee completely misses you.
Unknown command.
It was a potion of invisibility.
You fade into invisibility!
* * * LOW HITPOINT WARNING * * *
You feel sick. You block the killer bee's attack. The killer bee stings you.
You die...

#............##
#...........##
##..........#
#..........#
#.........##
##.#.......#
#†.#.......#
##†####....##
#@y# #####
##.## #### #.##
...## ##.#
....# ### #.##
....# ##.###.#
...###
##..##.##
.....###...##.#
..#...#......##


You could see a killer bee.

Vanquished Creatures
  4 killer bees (D:4)
  2 adders
  4 worms (D:2)
  2 dart slugs (D:1)
  A leopard gecko (D:1)
  3 orcs (D:2)
  A giant cockroach (D:1)
  4 goblins
  9 hobgoblins
  2 jackals (D:3)
  3 quokkas
  6 bats
  5 frilled lizards
  10 kobolds
  7 rats
63 creatures vanquished.

Notes
Turn   | Place    | Note
-------+----------+-------------------------------------------
     0 | D:1      | tilp the Hill Orc Fighter began the quest for the Orb.
     0 | D:1      | Reached XP level 1. HP: 19/19 MP: 1/1
   112 | D:1      | Reached skill level 3 in Axes
   156 | D:1      | Reached XP level 2. HP: 23/27 MP: 2/2
   681 | D:1      | Reached XP level 3. HP: 33/34 MP: 3/3
   937 | D:2      | Found a glowing golden altar of the Shining One.
   961 | D:2      | Reached skill level 4 in Axes
  1237 | D:2      | Reached XP level 4. HP: 21/41 MP: 4/4
  1634 | D:2      | Noticed Sigmund
  2098 | D:2      | Reached skill level 5 in Fighting
  3011 | D:3      | Found a radiant altar of Vehumet.
  3029 | D:4      | Got a transparent flail
  3033 | D:4      | Identified the +11 flail of the Postmodern Queens {vamp, Int+4} (You found it on level 4 of the Dungeon)
  3087 | D:4      | Reached skill level 5 in Axes
  3087 | D:4      | Reached XP level 5. HP: 48/48 MP: 5/5
  3102 | D:4      | Reached skill level 6 in Axes
  3102 | D:4      | Reached XP level 6. HP: 49/57 MP: 6/6
  3111 | D:4      | Slain by a killer bee

Vault maps used:
D:1:      minmay_arrival_widening_spiral_wide, minmay_statues_item
D:2:      lemuel_crystal_altar, minmay_octomino_j4, uniq_sigmund
D:3:      lemuel_round_altar
D:4:      first_bread

Skill      XL: |  1  2  3  4  5 |
---------------+----------------+-----
Axes           | 3 4 5 6 |  6.6
Fighting       | 4 5 |  5.9
Armour         | |  3.2
Shields        | |  3.2

Action                   |  1- 3 |  4- 6 || total
-------------------------+-------+-------++-------
Melee: War axe           |   125 |    82 ||   207
       Flail             |       |    13 ||    13
  Use: Potion            |       |     1 ||     1
  Eat: Chunk             |     1 |     4 ||     5
       Fruit             |       |     3 ||     3
       Royal jelly       |       |     2 ||     2
Armor: Scale mail        |    49 |    49 ||    98
Dodge: Dodged            |    29 |    40 ||    69
Block: Shield            |    65 |    67 ||   132

Table legend:
 A = Spawn XP
 B = Non-spawn XP
 C = Spawn XP percentage of total XP
 D = Spawn monster count
 E = Non-spawn monster count
 F = Spawn count percentage of total count
 G = Total turns spent on level
                    A         B        C        D         E        F      G
               +---------+---------+-------+---------+---------+-------+---------
         Total |       0 |     385 |   0.0 |       0 |      63 |   0.0 |  3111
               +---------+---------+-------+---------+---------+-------+---------
           D:1 |       0 |      45 |   0.0 |       0 |      25 |   0.0 |  1424
           D:2 |       0 |      61 |   0.0 |       0 |      20 |   0.0 |   867
           D:3 |       0 |      31 |   0.0 |       0 |      13 |   0.0 |   733
           D:4 |       0 |     248 |   0.0 |       0 |       5 |   0.0 |    87
               +---------+---------+-------+---------+---------+-------+---------
